AoeStats
← Iamak3186

Arabia

504722318Analyzed
1v1 RM · 26d ago on Sep 6, 2026· 41m 4s· 2 players
Game mode
Random Map
Map size
Tiny (2 player)
Population
200
Speed
Normal
Resources
Standard
Victory
Conquest
Starting age
Dark Age
Ending age
Imperial Age
RankedLock teamsTeams togetherTeam positionsShared explorationLock speedFull tech treeHidden civsTurbo modeCheats
Victory
Defeat
🇮🇳 Mongols · India
1183
+16
🇩🇪 Ethiopians · Germany
1179
-16
RealManwe
6:59 Loom
10:24 Feudal Age
10:56 Man-at-Arms
13:13 Double-Bit Axe
19:37 Fletching
20:11 Padded Archer Armor
25:17 Castle Age
25:15 Scale Mail Armor
26:47 Squires
26:17 Crossbowman
40:06 Long Swordsman
Iamak3186
8:25 Feudal Age
8:04 Loom
9:54 Double-Bit Axe
15:20 Horse Collar
21:54 Castle Age
21:49 Wheelbarrow
21:16 Padded Archer Armor
22:07 Elite Skirmisher
24:18 Leather Archer Armor
24:58 Town Watch
25:40 Gold Mining
26:08 Bow Saw
25:54 Fletching
26:59 Gold Mining
37:24 Hand Cart
38:17 Scale Barding Armor
38:09 Bodkin Arrow
40:52 Imperial Age
37:58 Light Cavalry
38:50 Bloodlines
39:30 Chain Barding Armor
39:20 Forging
39:41 Ballistics
39:18 Stone Mining
39:39 Husbandry
Connection lost

Rejoining the realm…

Still unreachable

The connection could not be restored.

Session expired

The server has moved on; the page needs a fresh start.